Roadrunners vs Canucks

Created - November 19, 2025 at 20:06

Goals
1 2 3 T
Roadrunners 0 1 1 2
Canucks 6 2 1 9
Shots
1 2 3 T
Roadrunners 8 13 13 34
Canucks 15 7 9 31

1st period

1. Canucks , Trevor Moore 3 (Axel Holmstrom 3, William Lockwood 4) at 0:12
2. Canucks , William Lockwood 2 (Trevor Moore 2, Axel Holmstrom 4) at 5:13
3. Canucks , William Lockwood 3 (Trevor Moore 3, Axel Holmstrom 5) at 9:02
4. Canucks , Lane Pederson 2 (C.J. Smith 3, Aleksi Heponiemi 5) at 15:12
5. Canucks , Aleksi Heponiemi 3 (Adam Ollas-Mattsson 6) at 16:29 (PP)
6. Canucks , Lane Pederson 3 (Kristian Vesalainen 3, Daniil Miromanov 3) at 18:23

Penalties :
Pavel Gogolev (Abb) for Tripping (Minor) at 10:05, Rem Pitlick (Tuc) for Roughing (Minor) at 16:26, Tobias Lindberg (Abb) for Fighting (Major) at 16:51, Rem Pitlick (Tuc) for Fighting (Major) at 16:51

2nd period

7. Roadrunners , Josiah Slavin 1 (Victor Berglund 3) at 6:21
8. Canucks , Axel Holmstrom 3 (Trevor Moore 4, William Lockwood 5) at 10:53
9. Canucks , Lane Pederson 4 (Adam Ollas-Mattsson 7, William Lockwood 6) at 17:38

Penalties :
Victor Berglund (Tuc) for Interference (Minor) at 2:30, Tobias Lindberg (Abb) for Cross-checking (Minor) at 3:45, William Lockwood (Abb) for High sticking (Minor) at 11:17

3rd period

10. Canucks , Pavel Gogolev 2 (Daniil Miromanov 4) at 0:55
11. Roadrunners , Oliver Wahlstrom 3 (A.J. Greer 3, David Kampf 2) at 10:17

Penalties :
No Penalty

Goalie Stats

Zachary Fucale (Tuc), 14 saves from 19 shots - (0.737), L, 1-3-1, 37:34 minutes
Kevin Lankinen (Tuc), 8 saves from 12 shots - (0.667), 22:26 minutes
Casey DeSmith (Abb), 32 saves from 34 shots - (0.941), W, 4-2-2, 60:00 minutes

Players Stats for Roadrunners

Player Name              G  A  P  +/- PIM S  H  SB GA TA FO     MP     PP MP  PK MP  
------------------------------------------------------------------------------------
                         0  0  0   0  0   0  0  0  0  0  0/0     0:00   0:00   0:00 
                         0  0  0   0  0   0  0  0  0  0  0/0     0:00   0:00   0:00 
                         0  0  0   0  0   0  0  0  0  0  0/0     0:00   0:00   0:00 
                         0  0  0   0  0   0  0  0  0  0  0/0     0:00   0:00   0:00 
                         0  0  0   0  0   0  0  0  0  0  0/0     0:00   0:00   0:00 
A.J. Greer               0  1  1   1  0   6  2  0  0  0  1/1    17:35   2:31   0:20 
Alex Beaucage            0  0  0   1  0   0  3  0  0  0  0/0     9:24   0:07   0:00 
Anthony Angello          0  0  0   1  0   0  0  0  1  0  0/2     7:46   0:00   0:00 
Arsen Khisamutdinov      0  0  0  -2  0   0  1  0  0  0  0/0    11:21   0:00   0:00 
Brett Murray             0  0  0  -2  0   1  0  0  0  0  0/0    12:59   0:07   0:00 
Cam York                 0  0  0  -2  0   1  0  0  0  0  0/0    11:34   0:00   0:00 
David Kampf              0  1  1   1  0   1  1  0  2  1  3/16   17:35   2:31   0:20 
Josiah Slavin            1  0  1   1  0   5  0  0  0  0  0/1     7:46   0:00   0:00 
Kaedan Korczak           0  0  0   0  0   0  0  1  0  0  0/0     5:10   0:00   0:00 
Laurent Dauphin          0  0  0  -3  0   1  0  0  0  0  3/5    14:42   0:07   0:00 
Lucas Wallmarkk          0  0  0  -6  0   5  3  1  0  1  12/31  21:40   2:35   0:58 
Matt Kiersted            0  0  0  -4  0   0  3  0  0  0  0/0    17:54   1:59   0:03 
Mikko Lehtonen           0  0  0   0  0   1  2  1  0  2  0/0    25:22   3:14   1:15 
Morgan Klimchuk          0  0  0  -6  0   6  1  2  2  0  3/4    21:40   2:35   0:58 
Oliver Wahlstrom         1  0  1   1  0   1  4  1  0  2  1/1    17:17   2:31   0:00 
Rem Pitlick              0  0  0  -5  7   2  1  1  1  0  1/5    18:11   2:35   0:00 
Riley Stillman           0  0  0  -4  0   1  0  1  1  1  0/0    17:54   1:59   0:03 
Rinat Valiev             0  0  0   0  0   2  2  3  1  2  0/0    25:22   3:14   1:15 
Ty Smith                 0  0  0   0  0   0  0  0  0  0  0/0     5:10   0:00   0:00 
Victor Berglund          0  1  1  -2  2   1  2  1  0  3  0/0    11:33   0:00   0:00 

Players Stats for Canucks

Player Name              G  A  P  +/- PIM S  H  SB GA TA FO     MP     PP MP  PK MP  
------------------------------------------------------------------------------------
                         0  0  0   0  0   0  0  0  0  0  0/0     0:00   0:00   0:00 
                         0  0  0   0  0   0  0  0  0  0  0/0     0:00   0:00   0:00 
                         0  0  0   0  0   0  0  0  0  0  0/0     0:00   0:00   0:00 
                         0  0  0   0  0   0  0  0  0  0  0/0     0:00   0:00   0:00 
                         0  0  0   0  0   0  0  0  0  0  0/0     0:00   0:00   0:00 
                         0  0  0   0  0   0  0  0  0  0  0/0     0:00   0:00   0:00 
                         0  0  0   0  0   0  0  0  0  0  0/0     0:00   0:00   0:00 
Adam Ollas-Mattsson      0  2  2   4  0   2  0  1  1  1  0/0    27:10   1:18   2:45 
Aku Raty                 0  0  0   1  0   2  0  1  0  0  0/0    12:27   0:00   0:00 
Aleksi Heponiemi         1  1  2   0  0   3  1  0  1  0  8/11   15:52   0:27   1:37 
Axel Holmstrom           1  3  4   4  0   2  3  1  1  1  22/40  22:54   0:51   2:31 
C.J. Smith               0  1  1   0  0   1  1  0  1  0  2/2    17:05   0:51   2:21 
Daniil Miromanov         0  2  2   1  0   1  1  1  3  0  0/0    20:31   0:00   2:28 
Guillaume Brisebois      0  0  0   1  0   0  1  0  0  1  0/0    20:31   0:00   2:28 
Jack Rathbone            0  0  0   1  0   1  2  0  0  1  0/0    12:19   0:00   0:00 
Jackson Hallum           0  0  0   1  0   0  0  1  0  0  0/0     8:05   0:00   0:23 
Kristian Vesalainen      0  1  1   1  0   2  1  0  0  0  0/0    14:34   0:27   1:35 
Lane Pederson            3  0  3   1  0   6  2  0  0  1  5/6    15:20   0:00   1:17 
Maxim Letunov            0  0  0   1  0   1  1  0  0  1  2/3     7:57   0:00   0:00 
Pavel Gogolev            1  0  1   1  2   1  0  1  2  0  0/0     8:28   0:00   0:42 
Tobias Lindberg          0  0  0   0  7   0  1  1  0  0  0/0    12:28   0:26   0:00 
Trevor Moore             1  3  4   4  0   4  3  1  0  0  2/2    18:44   0:00   0:00 
Will Borgen              0  0  0   1  0   1  1  2  0  1  0/0    12:19   0:00   0:00 
William Lagesson         0  0  0   4  0   0  3  0  1  1  0/0    27:10   1:18   2:45 
William Lockwood         2  3  5   4  2   4  1  1  2  0  1/2    20:05   0:51   0:00 

3 Stars

1 - William Lockwood (Abb)
2 - Axel Holmstrom (Abb)
3 - Trevor Moore (Abb)

Power Play

Roadrunners - 0 on 3 Attempt(s) - 0.00%
Canucks - 1 on 2 Attempt(s) - 50.00%

Penalty Kill

Roadrunners - 1 on 2 Attempt(s) - 50.00% - Score 0 goal in Penalty Kill
Canucks - 3 on 3 Attempt(s) - 100.00% - Score 0 goal in Penalty Kill

Team Stat

Roadrunners - Hits : 25 - Faceoff Wins : 24 - Blocked Shots : 12 - Penalty Minutes : 9
Canucks - Hits : 22 - Faceoff Wins : 42 - Blocked Shots : 11 - Penalty Minutes : 11

Official

Referees : Brandon Blandina and Chris Rooney
Linesman : Tony Sericolo and Pierre Racicot

Game Notes

Kevin Lankinen enters game at 15:12 of 1st period
Tobias Lindberg beats up Rem Pitlick at 16:51 of 1st period
Lane Pederson has scored a Hat Trick!
Zachary Fucale enters game at 17:38 of 2nd period

Finance

Level 1 -- Attendance: 1997 (99.85%) -- Ticket Income $139,790
Level 2 -- Attendance: 962 (96.20%) -- Ticket Income $38,480
Total Attendance: 2959 (98.63%)
Total Ticket Income: $178,270
Other Income: $8,914
Total Income: $187,184

Roadrunners

5 vs 5 Forward 
   Center                   Left Wing                Right Wing               Time % Phy DF OF 
 1 Lucas Wallmarkk          Morgan Klimchuk          Rem Pitlick              42     0   2  3  
 2 David Kampf              A.J. Greer               Oliver Wahlstrom         32     0   2  3  
 3 Laurent Dauphin          Brett Murray             Arsen Khisamutdinov      20     1   3  1  
 4 Anthony Angello          Josiah Slavin            Alex Beaucage            6      1   2  2  

5 vs 5 Defense 
   Defense                  Defense                                           Time % Phy DF OF 
 1 Rinat Valiev             Mikko Lehtonen                                    40     1   2  2  
 2 Matt Kiersted            Riley Stillman                                    30     1   3  1  
 3 Cam York                 Victor Berglund                                   20     1   3  1  
 4 Ty Smith                 Kaedan Korczak                                    10     1   2  2  

PowerPlay Forward 
   Center                   Left Wing                Right Wing               Time % Phy DF OF 
 1 Lucas Wallmarkk          Morgan Klimchuk          Rem Pitlick              60     1   0  4  
 2 David Kampf              A.J. Greer               Oliver Wahlstrom         40     1   0  4  

PowerPlay Defense
   Defense                  Defense                                           Time % Phy DF OF 
 1 Rinat Valiev             Mikko Lehtonen                                    60     1   1  3  
 2 Matt Kiersted            Riley Stillman                                    40     1   1  3  

Penalty Kill 4 Players Forward 
   Center                   Wing                     Time % Phy DF OF 
 1 Lucas Wallmarkk          Morgan Klimchuk          60     1   4  0  
 2 David Kampf              A.J. Greer               40     1   4  0  

Penalty Kill 4 Players Defense
   Defense                  Defense                  Time % Phy DF OF 
 1 Rinat Valiev             Mikko Lehtonen           60     1   4  0  
 2 Matt Kiersted            Riley Stillman           40     1   4  0  

Penalty Kill - 3 Players Forward 
   Forward                                           Time % Phy DF OF 
 1 Lucas Wallmarkk                                   60     1   4  0  
 2 David Kampf                                       40     1   4  0  

Penalty Kill - 3 Players Defense
   Defense                  Defense                  Time % Phy DF OF 
 1 Rinat Valiev             Mikko Lehtonen           60     1   4  0  
 2 Matt Kiersted            Riley Stillman           40     1   4  0  

4 vs 4 Forward 
   Center                   Wing                     Time % Phy DF OF 
 1 Lucas Wallmarkk          Morgan Klimchuk          60     1   1  3  
 2 David Kampf              A.J. Greer               40     1   1  3  

4 vs 4 Defense
   Defense                  Defense                  Time % Phy DF OF 
 1 Rinat Valiev             Mikko Lehtonen           60     1   2  2  
 2 Matt Kiersted            Riley Stillman           40     1   2  2  

Last Minutes Offensive
   Center                   Left Wing                Right Wing               Defense                  Defense                  
   Lucas Wallmarkk          Morgan Klimchuk          Rem Pitlick              Rinat Valiev             Mikko Lehtonen           

Last Minutes Defensive
   Center                   Left Wing                Right Wing               Defense                  Defense                  
   Lucas Wallmarkk          Morgan Klimchuk          Rem Pitlick              Rinat Valiev             Mikko Lehtonen           

Goaltenders
Starting : Zachary Fucale           
Backup : Kevin Lankinen           

Extra Forwards
Normal : Laurent Dauphin, Oliver Wahlstrom, A.J. Greer - PP : Laurent Dauphin, Oliver Wahlstrom - PK : Laurent Dauphin
Extra Defensemen
Normal : Victor Berglund, Cam York, Kaedan Korczak - PP : Victor Berglund - PK : Victor Berglund, Cam York
Penalty Shots
Morgan Klimchuk, Lucas Wallmarkk, Rem Pitlick, David Kampf, Laurent Dauphin
Custom OT Lines Forwards
Morgan Klimchuk, Lucas Wallmarkk, Rem Pitlick, David Kampf, Laurent Dauphin, Oliver Wahlstrom, A.J. Greer, Brett Murray, Anthony Angello, Josiah Slavin
Custom OT Lines Defensemen
Rinat Valiev, Mikko Lehtonen, Matt Kiersted, Riley Stillman, Ty Smith

Scratches
Tyler Kleven (Healthy), Benoit-Olivier Groulx (Healthy), Cooper Marody (Healthy), Fabian Zetterlund (Healthy), David Gustafsson (Healthy)
Danil Zhuravlyov (Healthy), Jacob Ingham (Healthy), Zachary Sawchenko (Healthy)

Canucks

5 vs 5 Forward 
   Center                   Left Wing                Right Wing               Time % Phy DF OF 
 1 Axel Holmstrom           Trevor Moore             William Lockwood         40     1   2  2  
 2 Aleksi Heponiemi         C.J. Smith               Tobias Lindberg          30     1   2  2  
 3 Lane Pederson            Kristian Vesalainen      Aku Raty                 20     1   2  2  
 4 Maxim Letunov            Pavel Gogolev            Jackson Hallum           10     1   2  2  

5 vs 5 Defense 
   Defense                  Defense                                           Time % Phy DF OF 
 1 Adam Ollas-Mattsson      William Lagesson                                  40     1   2  2  
 2 Daniil Miromanov         Guillaume Brisebois                               30     1   2  2  
 3 Will Borgen              Jack Rathbone                                     20     1   2  2  
 4 Adam Ollas-Mattsson      William Lagesson                                  10     1   2  2  

PowerPlay Forward 
   Center                   Left Wing                Right Wing               Time % Phy DF OF 
 1 Axel Holmstrom           C.J. Smith               William Lockwood         60     1   2  2  
 2 Aleksi Heponiemi         Kristian Vesalainen      Tobias Lindberg          40     1   2  2  

PowerPlay Defense
   Defense                  Defense                                           Time % Phy DF OF 
 1 Adam Ollas-Mattsson      William Lagesson                                  60     1   2  2  
 2 Daniil Miromanov         Guillaume Brisebois                               40     1   2  2  

Penalty Kill 4 Players Forward 
   Center                   Wing                     Time % Phy DF OF 
 1 Axel Holmstrom           C.J. Smith               60     1   2  2  
 2 Aleksi Heponiemi         Kristian Vesalainen      40     1   2  2  

Penalty Kill 4 Players Defense
   Defense                  Defense                  Time % Phy DF OF 
 1 Adam Ollas-Mattsson      William Lagesson         60     1   2  2  
 2 Daniil Miromanov         Guillaume Brisebois      40     1   2  2  

Penalty Kill - 3 Players Forward 
   Forward                                           Time % Phy DF OF 
 1 Axel Holmstrom                                    60     1   2  2  
 2 Aleksi Heponiemi                                  40     1   2  2  

Penalty Kill - 3 Players Defense
   Defense                  Defense                  Time % Phy DF OF 
 1 Adam Ollas-Mattsson      William Lagesson         60     1   2  2  
 2 Daniil Miromanov         Guillaume Brisebois      40     1   2  2  

4 vs 4 Forward 
   Center                   Wing                     Time % Phy DF OF 
 1 Axel Holmstrom           C.J. Smith               60     1   2  2  
 2 Aleksi Heponiemi         Kristian Vesalainen      40     1   2  2  

4 vs 4 Defense
   Defense                  Defense                  Time % Phy DF OF 
 1 Adam Ollas-Mattsson      William Lagesson         60     1   2  2  
 2 Daniil Miromanov         Guillaume Brisebois      40     1   2  2  

Last Minutes Offensive
   Center                   Left Wing                Right Wing               Defense                  Defense                  
   Axel Holmstrom           C.J. Smith               William Lockwood         Adam Ollas-Mattsson      William Lagesson         

Last Minutes Defensive
   Center                   Left Wing                Right Wing               Defense                  Defense                  
   Axel Holmstrom           C.J. Smith               William Lockwood         Adam Ollas-Mattsson      William Lagesson         

Goaltenders
Starting : Casey DeSmith            
Backup : Jan Bednar               

Extra Forwards
Normal : Lane Pederson, Tobias Lindberg, Maxim Letunov - PP : Lane Pederson, Tobias Lindberg - PK : Lane Pederson
Extra Defensemen
Normal : Guillaume Brisebois, Will Borgen, Jack Rathbone - PP : Guillaume Brisebois - PK : Guillaume Brisebois, Will Borgen
Penalty Shots
Axel Holmstrom, William Lockwood, C.J. Smith, Aleksi Heponiemi, Lane Pederson
Custom OT Lines Forwards
Axel Holmstrom, William Lockwood, C.J. Smith, Aleksi Heponiemi, Lane Pederson, Tobias Lindberg, Maxim Letunov, Trevor Moore, Kristian Vesalainen, Pavel Gogolev
Custom OT Lines Defensemen
Adam Ollas-Mattsson, William Lagesson, Daniil Miromanov, Guillaume Brisebois, Will Borgen

Scratches
Albert Lyckasen (Healthy), Ryan O'Rourke (Healthy), Michael Benning (Healthy), Jakob Forsbacka-Karlsson (Healthy), Jay O'Brien (Healthy)
John Hayden (Healthy), Juho Lammikko (Healthy), Chase Yoder (Healthy), Michael Kesselring (Healthy), Jonathan Kovacevic (Healthy)
Rasmus Asplund (Healthy), Ian Scott (Healthy)

% Time on Ice - Roadrunners

Lines # - Real PCT - Wanted PCT - Time Play
Normal Forward
1 - 36% - 42% - 19:04
2 - 28% - 32% - 14:34
3 - 22% - 20% - 11:21
4 - 15% - 6% - 7:46
Normal Defense
1 - 40% - 40% - 20:53
2 - 29% - 30% - 15:08
3 - 22% - 20% - 11:34
4 - 10% - 10% - 5:10
PP Forward
1 - 52% - 60% - 2:42
2 - 48% - 40% - 2:31
PP Defense
1 - 62% - 60% - 3:14
2 - 38% - 40% - 1:59
PK Forward
1 - 74% - 60% - 0:58
2 - 26% - 40% - 0:20
PK Defense
1 - 96% - 60% - 1:15
2 - 4% - 40% - 0:03
PK3 Forward
1 - 0% - 60%
2 - 0% - 40%
PK3 Defense
1 - 0% - 60%
2 - 0% - 40%
44 Forward
1 - 77% - 60% - 0:34
2 - 23% - 40% - 0:10
44 Defense
1 - 0% - 60% - 0:00
2 - 100% - 40% - 0:44
Last Minute Offensive  - 0:00
Last Minute Defensive  - 0:00
Total
Forward - 60:00
Defense - 60:00

% Time on Ice - Canucks

Lines # - Real PCT - Wanted PCT - Time Play
Normal Forward
1 - 37% - 40% - 19:22
2 - 25% - 30% - 13:14
3 - 24% - 20% - 12:27
4 - 15% - 10% - 7:42
Normal Defense
1 - 38% - 40% - 20:06
2 - 33% - 30% - 17:35
3 - 23% - 20% - 12:19
4 - 5% - 10% - 2:45
PP Forward
1 - 65% - 60% - 0:51
2 - 35% - 40% - 0:27
PP Defense
1 - 100% - 60% - 1:18
2 - 0% - 40% - 0:00
PK Forward
1 - 70% - 60% - 3:38
2 - 30% - 40% - 1:35
PK Defense
1 - 53% - 60% - 2:45
2 - 47% - 40% - 2:28
PK3 Forward
1 - 0% - 60%
2 - 0% - 40%
PK3 Defense
1 - 0% - 60%
2 - 0% - 40%
44 Forward
1 - 93% - 60% - 0:41
2 - 7% - 40% - 0:03
44 Defense
1 - 36% - 60% - 0:16
2 - 64% - 40% - 0:28
Last Minute Offensive  - 0:00
Last Minute Defensive  - 0:00
Total
Forward - 60:00
Defense - 60:00

Play-by-Play

1st period


0:01 of 1st period - Lucas Wallmarkk wins face-off versus Axel Holmstrom in neutral zone.
0:06 of 1st period - Icing by William Lockwood.
0:07 of 1st period - Trevor Moore wins face-off versus Lucas Wallmarkk in Canucks zone.
0:12 of 1st period - Slapshot by Trevor Moore.
0:12 of 1st period - Goal by Trevor Moore - Roadrunners : 0 - Canucks : 1.
0:13 of 1st period - David Kampf wins face-off versus Aleksi Heponiemi in neutral zone.
0:43 of 1st period - Off-side.
0:44 of 1st period - Lucas Wallmarkk wins face-off versus Lane Pederson in neutral zone.
1:04 of 1st period - Off-side.
1:05 of 1st period - Axel Holmstrom wins face-off versus Anthony Angello in neutral zone.
1:31 of 1st period - A.J. Greer is hit by Maxim Letunov and loses puck.
2:26 of 1st period - Wrist shot by Tobias Lindberg.
2:26 of 1st period - Shot Misses the Net.
2:28 of 1st period - Slapshot by Daniil Miromanov.
2:28 of 1st period - Shot Blocked by Kaedan Korczak.
3:06 of 1st period - Snap shot by Josiah Slavin.
3:06 of 1st period - Stopped by Casey DeSmith without a rebound.
3:07 of 1st period - Axel Holmstrom wins face-off versus Lucas Wallmarkk in Canucks zone.
4:05 of 1st period - William Lagesson is hit by Matt Kiersted and loses puck.
4:26 of 1st period - Wrist shot by Maxim Letunov.
4:26 of 1st period - Shot Misses the Net.
4:40 of 1st period - Lucas Wallmarkk is hit by Will Borgen and loses puck.
4:45 of 1st period - Snap shot by Axel Holmstrom.
4:45 of 1st period - Shot Misses the Net.
4:55 of 1st period - William Lockwood is hit by Lucas Wallmarkk and loses puck.
5:02 of 1st period - Victor Berglund is hit by Trevor Moore and loses puck.
5:11 of 1st period - Snap shot by Trevor Moore.
5:11 of 1st period - Shot Blocked by Lucas Wallmarkk.
5:13 of 1st period - Wrist shot by William Lockwood.
5:13 of 1st period - Goal by William Lockwood - Roadrunners : 0 - Canucks : 2.
5:14 of 1st period - Laurent Dauphin wins face-off versus Aleksi Heponiemi in neutral zone.
5:27 of 1st period - Snap shot by Laurent Dauphin.
5:27 of 1st period - Shot Misses the Net.
5:43 of 1st period - Snap shot by Aleksi Heponiemi.
5:43 of 1st period - Shot Misses the Net.
5:45 of 1st period - Snap shot by Guillaume Brisebois.
5:45 of 1st period - Shot Misses the Net.
6:23 of 1st period - Slapshot by Mikko Lehtonen.
6:23 of 1st period - Shot Blocked by Daniil Miromanov.
6:29 of 1st period - Rinat Valiev is hit by Tobias Lindberg and loses puck.
6:58 of 1st period - Snap shot by Tobias Lindberg.
6:58 of 1st period - Shot Misses the Net.
7:00 of 1st period - Snap shot by Aleksi Heponiemi.
7:00 of 1st period - Stopped by Zachary Fucale without a rebound.
7:01 of 1st period - William Lockwood wins face-off versus Lucas Wallmarkk in Roadrunners zone.
7:33 of 1st period - Slapshot by Oliver Wahlstrom.
7:33 of 1st period - Shot Misses the Net.
7:35 of 1st period - Slapshot by David Kampf.
7:35 of 1st period - Shot Blocked by Will Borgen.
7:37 of 1st period - Slapshot by Riley Stillman.
7:37 of 1st period - Stopped by Casey DeSmith without a rebound.
7:38 of 1st period - Axel Holmstrom wins face-off versus Lucas Wallmarkk in Canucks zone.
8:03 of 1st period - Adam Ollas-Mattsson is hit by Victor Berglund and loses puck.
8:37 of 1st period - Victor Berglund is hit by William Lagesson and loses puck.
8:44 of 1st period - Lane Pederson is hit by Alex Beaucage and loses puck.
9:00 of 1st period - Snap shot by Trevor Moore.
9:00 of 1st period - Shot Misses the Net.
9:02 of 1st period - Snap shot by William Lockwood.
9:02 of 1st period - Goal by William Lockwood - Roadrunners : 0 - Canucks : 3.
9:03 of 1st period - Axel Holmstrom wins face-off versus Lucas Wallmarkk in neutral zone.
9:08 of 1st period - Slapshot by William Lockwood.
9:08 of 1st period - Shot Blocked by Morgan Klimchuk.
9:10 of 1st period - Backhand shot by Jack Rathbone.
9:10 of 1st period - Stopped by Zachary Fucale without a rebound.
9:11 of 1st period - Axel Holmstrom wins face-off versus Lucas Wallmarkk in Roadrunners zone.
9:14 of 1st period - Wrist shot by Trevor Moore.
9:14 of 1st period - Stopped by Zachary Fucale without a rebound.
9:15 of 1st period - Axel Holmstrom wins face-off versus Lucas Wallmarkk in Roadrunners zone.
10:03 of 1st period - Slapshot by Mikko Lehtonen.
10:03 of 1st period - Stopped by Casey DeSmith with a rebound.
10:05 of 1st period - Minor Penalty to Pavel Gogolev for Tripping.
10:06 of 1st period - Axel Holmstrom wins face-off versus Rem Pitlick in Canucks zone.
12:05 of 1st period - Penalty to Pavel Gogolev is over, Pavel Gogolev is back on ice.
12:06 of 1st period - Icing by Riley Stillman.
12:07 of 1st period - Laurent Dauphin wins face-off versus Maxim Letunov in Roadrunners zone.
12:35 of 1st period - Slapshot by Brett Murray.
12:35 of 1st period - Shot Blocked by Will Borgen.
12:45 of 1st period - Snap shot by Brett Murray.
12:45 of 1st period - Stopped by Casey DeSmith with a rebound.
12:53 of 1st period - Riley Stillman is hit by Jack Rathbone.
13:01 of 1st period - Kristian Vesalainen is hit by Matt Kiersted.
13:09 of 1st period - Snap shot by Brett Murray.
13:09 of 1st period - Shot Misses the Net.
13:19 of 1st period - Snap shot by Kristian Vesalainen.
13:19 of 1st period - Stopped by Zachary Fucale without a rebound.
13:20 of 1st period - Oliver Wahlstrom wins face-off versus Axel Holmstrom in Roadrunners zone.
13:27 of 1st period - Snap shot by David Kampf.
13:27 of 1st period - Stopped by Casey DeSmith with a rebound.
13:35 of 1st period - David Kampf is hit by William Lagesson and loses puck.
13:50 of 1st period - Snap shot by Maxim Letunov.
13:50 of 1st period - Stopped by Zachary Fucale with a rebound.
13:52 of 1st period - Wrist shot by Daniil Miromanov.
13:52 of 1st period - Stopped by Zachary Fucale without a rebound.
13:53 of 1st period - Maxim Letunov wins face-off versus Lucas Wallmarkk in Roadrunners zone.
14:00 of 1st period - Lucas Wallmarkk is hit by Daniil Miromanov and loses puck.
14:21 of 1st period - Wrist shot by Maxim Letunov.
14:21 of 1st period - Deflect By A.J. Greer.
14:21 of 1st period - Shot Blocked by Victor Berglund.
14:21 of 1st period - Puck is out of play.
14:22 of 1st period - Axel Holmstrom wins face-off versus Rem Pitlick in Roadrunners zone.
14:54 of 1st period - Wrist shot by A.J. Greer.
14:54 of 1st period - Shot Misses the Net.
15:12 of 1st period - Snap shot by Lane Pederson.
15:12 of 1st period - Goal by Lane Pederson - Roadrunners : 0 - Canucks : 4.
15:12 of 1st period - Kevin Lankinen enters game.
15:13 of 1st period - David Kampf wins face-off versus Axel Holmstrom in neutral zone.
15:42 of 1st period - Matt Kiersted is hit by Axel Holmstrom and loses puck.
16:13 of 1st period - Slapshot by William Lockwood.
16:13 of 1st period - Shot Blocked by Riley Stillman.
16:21 of 1st period - Snap shot by Axel Holmstrom.
16:21 of 1st period - Stopped by Kevin Lankinen without a rebound.
16:22 of 1st period - Aleksi Heponiemi wins face-off versus Lucas Wallmarkk in Roadrunners zone.
16:26 of 1st period - Minor Penalty to Rem Pitlick for Roughing.
16:27 of 1st period - Aleksi Heponiemi wins face-off versus Morgan Klimchuk in Roadrunners zone.
16:29 of 1st period - Wrist shot by Aleksi Heponiemi.
16:29 of 1st period - Goal by Aleksi Heponiemi - Roadrunners : 0 - Canucks : 5.
16:30 of 1st period - Lucas Wallmarkk wins face-off versus Axel Holmstrom in neutral zone.
16:44 of 1st period - Icing by Rem Pitlick.
16:45 of 1st period - Lucas Wallmarkk wins face-off versus Aleksi Heponiemi in Roadrunners zone.
16:51 of 1st period - Tobias Lindberg beats up Rem Pitlick.
16:51 of 1st period - Penalty to Tobias Lindberg for Fighting.
16:51 of 1st period - Penalty to Rem Pitlick for Fighting.
16:52 of 1st period - A.J. Greer wins face-off versus William Lockwood in Roadrunners zone.
17:29 of 1st period - Slapshot by Rinat Valiev.
17:29 of 1st period - Stopped by Casey DeSmith with a rebound.
18:21 of 1st period - Snap shot by Kristian Vesalainen.
18:21 of 1st period - Stopped by Kevin Lankinen with a rebound.
18:23 of 1st period - Snap shot by Lane Pederson.
18:23 of 1st period - Goal by Lane Pederson - Roadrunners : 0 - Canucks : 6.
18:24 of 1st period - Trevor Moore wins face-off versus Lucas Wallmarkk in neutral zone.
18:27 of 1st period - Lucas Wallmarkk is hit by William Lockwood and loses puck.
19:07 of 1st period - Snap shot by A.J. Greer.
19:07 of 1st period - Stopped by Casey DeSmith with a rebound.
19:31 of 1st period - Snap shot by C.J. Smith.
19:31 of 1st period - Deflect By Anthony Angello.
19:31 of 1st period - Stopped by Kevin Lankinen without a rebound.
19:32 of 1st period - Lucas Wallmarkk wins face-off versus Axel Holmstrom in Roadrunners zone.
19:47 of 1st period - Snap shot by Morgan Klimchuk.
19:47 of 1st period - Stopped by Casey DeSmith with a rebound.
19:54 of 1st period - Icing by Adam Ollas-Mattsson.
19:55 of 1st period - Maxim Letunov wins face-off versus David Kampf in Canucks zone.
Goals for this period are 0 for Roadrunners vs 6 for Canucks.
Shots for this period are 8 for Roadrunners vs 15 for Canucks.

2nd period


0:01 of 2nd period - Axel Holmstrom wins face-off versus David Kampf in neutral zone.
0:10 of 2nd period - Slapshot by Mikko Lehtonen.
0:10 of 2nd period - Shot Blocked by Axel Holmstrom.
0:20 of 2nd period - William Lockwood is hit by Oliver Wahlstrom and loses puck.
0:33 of 2nd period - Snap shot by Morgan Klimchuk.
0:33 of 2nd period - Stopped by Casey DeSmith with a rebound.
0:35 of 2nd period - Snap shot by Lucas Wallmarkk.
0:35 of 2nd period - Shot Misses the Net.
0:37 of 2nd period - Slapshot by Riley Stillman.
0:37 of 2nd period - Shot Misses the Net.
0:59 of 2nd period - Pavel Gogolev is hit by Alex Beaucage and loses puck.
1:20 of 2nd period - Snap shot by Laurent Dauphin.
1:20 of 2nd period - Shot Misses the Net.
1:53 of 2nd period - Rinat Valiev is hit by Guillaume Brisebois and loses puck.
2:30 of 2nd period - Minor Penalty to Victor Berglund for Interference.
2:31 of 2nd period - Morgan Klimchuk wins face-off versus Axel Holmstrom in Roadrunners zone.
2:31 of 2nd period - Morgan Klimchuk is hit by William Lagesson.
2:35 of 2nd period - Off-side.
2:36 of 2nd period - Lucas Wallmarkk wins face-off versus Axel Holmstrom in neutral zone.
2:56 of 2nd period - Icing by C.J. Smith.
2:57 of 2nd period - Lucas Wallmarkk wins face-off versus Axel Holmstrom in Canucks zone.
3:06 of 2nd period - Rinat Valiev is hit by C.J. Smith and loses puck.
3:25 of 2nd period - Slapshot by Adam Ollas-Mattsson.
3:25 of 2nd period - Deflect By A.J. Greer.
3:25 of 2nd period - Stopped by Kevin Lankinen with a rebound.
3:45 of 2nd period - Minor Penalty to Tobias Lindberg for Cross-checking.
3:46 of 2nd period - Lucas Wallmarkk wins face-off versus Axel Holmstrom in Canucks zone.
3:49 of 2nd period - Snap shot by Morgan Klimchuk.
3:49 of 2nd period - Shot Misses the Net.
4:30 of 2nd period - Penalty to Victor Berglund is over, Victor Berglund is back on ice.
4:35 of 2nd period - Snap shot by A.J. Greer.
4:35 of 2nd period - Stopped by Casey DeSmith without a rebound.
4:36 of 2nd period - Aleksi Heponiemi wins face-off versus David Kampf in Canucks zone.
5:03 of 2nd period - Guillaume Brisebois is hit by Rinat Valiev and loses puck.
5:10 of 2nd period - Wrist shot by Morgan Klimchuk.
5:10 of 2nd period - Shot Misses the Net.
5:39 of 2nd period - Icing by Rinat Valiev.
5:40 of 2nd period - Axel Holmstrom wins face-off versus David Kampf in Roadrunners zone.
5:45 of 2nd period - Penalty to Tobias Lindberg is over, Tobias Lindberg is back on ice.
5:57 of 2nd period - Snap shot by Brett Murray.
5:57 of 2nd period - Shot Blocked by Pavel Gogolev.
5:59 of 2nd period - Slapshot by Cam York.
5:59 of 2nd period - Stopped by Casey DeSmith with a rebound.
6:03 of 2nd period - Slapshot by Laurent Dauphin.
6:03 of 2nd period - Shot Blocked by Jackson Hallum.
6:21 of 2nd period - Slapshot by Josiah Slavin.
6:21 of 2nd period - Goal by Josiah Slavin - Roadrunners : 1 - Canucks : 6.
6:22 of 2nd period - Lucas Wallmarkk wins face-off versus Axel Holmstrom in neutral zone.
6:54 of 2nd period - Wrist shot by Aleksi Heponiemi.
6:54 of 2nd period - Stopped by Kevin Lankinen with a rebound.
6:56 of 2nd period - Wrist shot by Tobias Lindberg.
6:56 of 2nd period - Shot Misses the Net.
8:07 of 2nd period - Slapshot by Lucas Wallmarkk.
8:07 of 2nd period - Stopped by Casey DeSmith with a rebound.
8:09 of 2nd period - Backhand shot by Lucas Wallmarkk.
8:09 of 2nd period - Stopped by Casey DeSmith with a rebound.
8:11 of 2nd period - Snap shot by Matt Kiersted.
8:11 of 2nd period - Shot Blocked by Tobias Lindberg.
8:13 of 2nd period - Wrist shot by Lucas Wallmarkk.
8:13 of 2nd period - Stopped by Casey DeSmith with a rebound.
8:15 of 2nd period - Slapshot by Morgan Klimchuk.
8:15 of 2nd period - Deflect By Lucas Wallmarkk.
8:15 of 2nd period - Stopped by Casey DeSmith without a rebound.
8:16 of 2nd period - Axel Holmstrom wins face-off versus David Kampf in Canucks zone.
8:23 of 2nd period - A.J. Greer is hit by Trevor Moore.
9:02 of 2nd period - Icing by Guillaume Brisebois.
9:03 of 2nd period - Lane Pederson wins face-off versus Laurent Dauphin in Canucks zone.
9:41 of 2nd period - Backhand shot by Laurent Dauphin.
9:41 of 2nd period - Stopped by Casey DeSmith with a rebound.
9:53 of 2nd period - Kristian Vesalainen is hit by Rinat Valiev and loses puck.
10:19 of 2nd period - Off-side.
10:20 of 2nd period - Axel Holmstrom wins face-off versus Lucas Wallmarkk in neutral zone.
10:24 of 2nd period - Off-side.
10:25 of 2nd period - Lucas Wallmarkk wins face-off versus Axel Holmstrom in neutral zone.
10:28 of 2nd period - Slapshot by Riley Stillman.
10:28 of 2nd period - Deflect By Rem Pitlick.
10:28 of 2nd period - Shot Misses the Net.
10:28 of 2nd period - Puck is out of play.
10:29 of 2nd period - Axel Holmstrom wins face-off versus Lucas Wallmarkk in Canucks zone.
10:47 of 2nd period - Slapshot by Trevor Moore.
10:47 of 2nd period - Stopped by Kevin Lankinen with a rebound.
10:53 of 2nd period - Slapshot by Axel Holmstrom.
10:53 of 2nd period - Goal by Axel Holmstrom - Roadrunners : 1 - Canucks : 7.
10:54 of 2nd period - Axel Holmstrom wins face-off versus Lucas Wallmarkk in neutral zone.
11:17 of 2nd period - Minor Penalty to William Lockwood for High sticking.
11:18 of 2nd period - C.J. Smith wins face-off versus Rem Pitlick in Canucks zone.
11:43 of 2nd period - C.J. Smith is hit by Oliver Wahlstrom and loses puck.
12:41 of 2nd period - Kristian Vesalainen is hit by A.J. Greer and loses puck.
13:02 of 2nd period - Riley Stillman is hit by Lane Pederson and loses puck.
13:17 of 2nd period - Penalty to William Lockwood is over, William Lockwood is back on ice.
13:28 of 2nd period - Will Borgen is hit by Mikko Lehtonen and loses puck.
13:41 of 2nd period - Aleksi Heponiemi is hit by Alex Beaucage.
14:50 of 2nd period - Snap shot by Josiah Slavin.
14:50 of 2nd period - Stopped by Casey DeSmith with a rebound.
15:14 of 2nd period - Guillaume Brisebois is hit by Matt Kiersted and loses puck.
15:37 of 2nd period - Wrist shot by Josiah Slavin.
15:37 of 2nd period - Stopped by Casey DeSmith with a rebound.
16:43 of 2nd period - Wrist shot by Lane Pederson.
16:43 of 2nd period - Stopped by Kevin Lankinen without a rebound.
16:44 of 2nd period - Lane Pederson wins face-off versus Josiah Slavin in Roadrunners zone.
16:47 of 2nd period - Wrist shot by Lane Pederson.
16:47 of 2nd period - Stopped by Kevin Lankinen without a rebound.
16:48 of 2nd period - Aleksi Heponiemi wins face-off versus Lucas Wallmarkk in Roadrunners zone.
17:01 of 2nd period - William Lagesson is hit by Lucas Wallmarkk and loses puck.
17:38 of 2nd period - Wrist shot by Lane Pederson.
17:38 of 2nd period - Goal by Lane Pederson - Roadrunners : 1 - Canucks : 8.
17:38 of 2nd period - Zachary Fucale enters game.
17:39 of 2nd period - Lucas Wallmarkk wins face-off versus Axel Holmstrom in neutral zone.
18:11 of 2nd period - Snap shot by A.J. Greer.
18:11 of 2nd period - Shot Misses the Net.
18:15 of 2nd period - Wrist shot by A.J. Greer.
18:15 of 2nd period - Stopped by Casey DeSmith without a rebound.
18:16 of 2nd period - Lane Pederson wins face-off versus Lucas Wallmarkk in Canucks zone.
18:41 of 2nd period - Snap shot by A.J. Greer.
18:41 of 2nd period - Shot Misses the Net.
19:11 of 2nd period - Wrist shot by Brett Murray.
19:11 of 2nd period - Shot Misses the Net.
19:13 of 2nd period - Wrist shot by Arsen Khisamutdinov.
19:13 of 2nd period - Deflect By Aleksi Heponiemi.
19:13 of 2nd period - Shot Misses the Net.
19:13 of 2nd period - Puck is out of play.
19:14 of 2nd period - Axel Holmstrom wins face-off versus Rem Pitlick in Canucks zone.
19:43 of 2nd period - Slapshot by A.J. Greer.
19:43 of 2nd period - Stopped by Casey DeSmith without a rebound.
19:44 of 2nd period - Aleksi Heponiemi wins face-off versus David Kampf in Canucks zone.
19:44 of 2nd period - Aleksi Heponiemi is hit by Oliver Wahlstrom.
19:56 of 2nd period - David Kampf is hit by Aleksi Heponiemi.
Goals for this period are 1 for Roadrunners vs 2 for Canucks.
Shots for this period are 13 for Roadrunners vs 7 for Canucks.

3rd period


0:01 of 3rd period - Rem Pitlick wins face-off versus Axel Holmstrom in neutral zone.
0:14 of 3rd period - Slapshot by Axel Holmstrom.
0:14 of 3rd period - Shot Blocked by Mikko Lehtonen.
0:16 of 3rd period - Snap shot by Trevor Moore.
0:16 of 3rd period - Deflect By Mikko Lehtonen.
0:16 of 3rd period - Stopped by Zachary Fucale with a rebound.
0:49 of 3rd period - Snap shot by Pavel Gogolev.
0:49 of 3rd period - Shot Misses the Net.
0:51 of 3rd period - Slapshot by Daniil Miromanov.
0:51 of 3rd period - Shot Blocked by Morgan Klimchuk.
0:53 of 3rd period - Slapshot by Daniil Miromanov.
0:53 of 3rd period - Shot Misses the Net.
0:55 of 3rd period - Wrist shot by Pavel Gogolev.
0:55 of 3rd period - Goal by Pavel Gogolev - Roadrunners : 1 - Canucks : 9.
0:56 of 3rd period - Axel Holmstrom wins face-off versus David Kampf in neutral zone.
0:58 of 3rd period - Adam Ollas-Mattsson is hit by Oliver Wahlstrom and loses puck.
1:21 of 3rd period - Aleksi Heponiemi is hit by Mikko Lehtonen and loses puck.
2:52 of 3rd period - Tobias Lindberg is hit by Morgan Klimchuk and loses puck.
3:05 of 3rd period - Mikko Lehtonen is hit by Kristian Vesalainen and loses puck.
3:10 of 3rd period - Snap shot by Aku Raty.
3:10 of 3rd period - Stopped by Zachary Fucale with a rebound.
3:12 of 3rd period - Slapshot by Aku Raty.
3:12 of 3rd period - Stopped by Zachary Fucale without a rebound.
3:13 of 3rd period - Axel Holmstrom wins face-off versus Lucas Wallmarkk in Roadrunners zone.
3:29 of 3rd period - Off-side.
3:30 of 3rd period - Aleksi Heponiemi wins face-off versus David Kampf in neutral zone.
3:42 of 3rd period - Slapshot by Aleksi Heponiemi.
3:42 of 3rd period - Shot Blocked by Rinat Valiev.
4:32 of 3rd period - Snap shot by Maxim Letunov.
4:32 of 3rd period - Shot Blocked by Rinat Valiev.
4:42 of 3rd period - Josiah Slavin is hit by Lane Pederson and loses puck.
5:13 of 3rd period - Snap shot by David Kampf.
5:13 of 3rd period - Deflect By A.J. Greer.
5:13 of 3rd period - Stopped by Casey DeSmith with a rebound.
5:57 of 3rd period - Riley Stillman is hit by Axel Holmstrom.
6:51 of 3rd period - Wrist shot by Trevor Moore.
6:51 of 3rd period - Shot Hit the Post.
6:53 of 3rd period - Wrist shot by Axel Holmstrom.
6:53 of 3rd period - Shot Blocked by Rem Pitlick.
7:29 of 3rd period - Slapshot by Pavel Gogolev.
7:29 of 3rd period - Shot Misses the Net.
8:02 of 3rd period - Cam York is hit by Trevor Moore and loses puck.
8:35 of 3rd period - Slapshot by Will Borgen.
8:35 of 3rd period - Stopped by Zachary Fucale without a rebound.
8:36 of 3rd period - Lane Pederson wins face-off versus David Kampf in Roadrunners zone.
8:47 of 3rd period - Snap shot by A.J. Greer.
8:47 of 3rd period - Shot Hit the Post.
9:32 of 3rd period - Slapshot by Brett Murray.
9:32 of 3rd period - Shot Misses the Net.
9:48 of 3rd period - Snap shot by Pavel Gogolev.
9:48 of 3rd period - Shot Misses the Net.
10:17 of 3rd period - Snap shot by A.J. Greer.
10:17 of 3rd period - Deflect By Oliver Wahlstrom.
10:17 of 3rd period - Goal by Oliver Wahlstrom - Roadrunners : 2 - Canucks : 9.
10:18 of 3rd period - Axel Holmstrom wins face-off versus Lucas Wallmarkk in neutral zone.
10:21 of 3rd period - Slapshot by Adam Ollas-Mattsson.
10:21 of 3rd period - Stopped by Zachary Fucale without a rebound.
10:22 of 3rd period - Lucas Wallmarkk wins face-off versus Axel Holmstrom in Roadrunners zone.
10:22 of 3rd period - Lucas Wallmarkk is hit by Axel Holmstrom.
10:27 of 3rd period - Icing by Matt Kiersted.
10:28 of 3rd period - Axel Holmstrom wins face-off versus Lucas Wallmarkk in Roadrunners zone.
10:29 of 3rd period - Wrist shot by William Lockwood.
10:29 of 3rd period - Shot Misses the Net.
10:55 of 3rd period - Slapshot by Rem Pitlick.
10:55 of 3rd period - Shot Misses the Net.
10:57 of 3rd period - Wrist shot by Rem Pitlick.
10:57 of 3rd period - Stopped by Casey DeSmith with a rebound.
10:59 of 3rd period - Snap shot by Lucas Wallmarkk.
10:59 of 3rd period - Stopped by Casey DeSmith with a rebound.
11:01 of 3rd period - Snap shot by Morgan Klimchuk.
11:01 of 3rd period - Shot Misses the Net.
11:03 of 3rd period - Wrist shot by Morgan Klimchuk.
11:03 of 3rd period - Stopped by Casey DeSmith with a rebound.
11:05 of 3rd period - Slapshot by Riley Stillman.
11:05 of 3rd period - Deflect By Morgan Klimchuk.
11:05 of 3rd period - Stopped by Casey DeSmith without a rebound.
11:06 of 3rd period - C.J. Smith wins face-off versus David Kampf in Canucks zone.
11:06 of 3rd period - C.J. Smith is hit by A.J. Greer.
11:41 of 3rd period - Snap shot by Brett Murray.
11:41 of 3rd period - Shot Blocked by Aku Raty.
12:04 of 3rd period - Icing by Josiah Slavin.
12:05 of 3rd period - Axel Holmstrom wins face-off versus Anthony Angello in Roadrunners zone.
12:40 of 3rd period - Snap shot by Josiah Slavin.
12:40 of 3rd period - Stopped by Casey DeSmith with a rebound.
12:42 of 3rd period - Slapshot by Victor Berglund.
12:42 of 3rd period - Stopped by Casey DeSmith without a rebound.
12:43 of 3rd period - Morgan Klimchuk wins face-off versus Axel Holmstrom in Canucks zone.
12:44 of 3rd period - Wrist shot by Rem Pitlick.
12:44 of 3rd period - Stopped by Casey DeSmith without a rebound.
12:45 of 3rd period - Morgan Klimchuk wins face-off versus Axel Holmstrom in Canucks zone.
12:50 of 3rd period - Slapshot by Rem Pitlick.
12:50 of 3rd period - Shot Blocked by William Lockwood.
12:52 of 3rd period - Slapshot by Rinat Valiev.
12:52 of 3rd period - Shot Blocked by Adam Ollas-Mattsson.
12:54 of 3rd period - Backhand shot by Rinat Valiev.
12:54 of 3rd period - Stopped by Casey DeSmith with a rebound.
12:56 of 3rd period - Snap shot by Morgan Klimchuk.
12:56 of 3rd period - Stopped by Casey DeSmith with a rebound.
12:58 of 3rd period - Snap shot by Rinat Valiev.
12:58 of 3rd period - Deflect By Morgan Klimchuk.
12:58 of 3rd period - Stopped by Casey DeSmith with a rebound.
13:00 of 3rd period - Slapshot by Mikko Lehtonen.
13:00 of 3rd period - Shot Blocked by Trevor Moore.
13:02 of 3rd period - Slapshot by Mikko Lehtonen.
13:02 of 3rd period - Shot Misses the Net.
13:11 of 3rd period - Icing by William Lockwood.
13:12 of 3rd period - Aleksi Heponiemi wins face-off versus David Kampf in Canucks zone.
13:23 of 3rd period - Snap shot by David Kampf.
13:23 of 3rd period - Shot Misses the Net.
13:25 of 3rd period - Slapshot by A.J. Greer.
13:25 of 3rd period - Deflect By Tobias Lindberg.
13:25 of 3rd period - Stopped by Casey DeSmith with a rebound.
14:07 of 3rd period - Slapshot by Lane Pederson.
14:07 of 3rd period - Stopped by Zachary Fucale with a rebound.
14:27 of 3rd period - Wrist shot by Pavel Gogolev.
14:27 of 3rd period - Shot Misses the Net.
14:37 of 3rd period - Will Borgen is hit by David Kampf and loses puck.
15:29 of 3rd period - Aku Raty is hit by Arsen Khisamutdinov and loses puck.
15:40 of 3rd period - Josiah Slavin is hit by Jack Rathbone.
15:48 of 3rd period - Snap shot by Anthony Angello.
15:48 of 3rd period - Shot Misses the Net.
15:50 of 3rd period - Slapshot by Victor Berglund.
15:50 of 3rd period - Shot Misses the Net.
16:22 of 3rd period - Daniil Miromanov is hit by Victor Berglund and loses puck.
16:41 of 3rd period - Snap shot by Kristian Vesalainen.
16:41 of 3rd period - Shot Misses the Net.
17:16 of 3rd period - Icing by William Lagesson.
17:17 of 3rd period - Lane Pederson wins face-off versus David Kampf in Canucks zone.
17:49 of 3rd period - Snap shot by William Lockwood.
17:49 of 3rd period - Stopped by Zachary Fucale with a rebound.
17:51 of 3rd period - Backhand shot by William Lockwood.
17:51 of 3rd period - Stopped by Zachary Fucale without a rebound.
17:52 of 3rd period - Axel Holmstrom wins face-off versus David Kampf in Roadrunners zone.
18:14 of 3rd period - Icing by William Lockwood.
18:15 of 3rd period - Laurent Dauphin wins face-off versus Axel Holmstrom in Canucks zone.
18:31 of 3rd period - Icing by Daniil Miromanov.
18:32 of 3rd period - David Kampf wins face-off versus Axel Holmstrom in Canucks zone.
18:45 of 3rd period - Snap shot by David Kampf.
18:45 of 3rd period - Deflect By Oliver Wahlstrom.
18:45 of 3rd period - Shot Misses the Net.
18:45 of 3rd period - Puck is out of play.
18:46 of 3rd period - Aleksi Heponiemi wins face-off versus Lucas Wallmarkk in Canucks zone.
18:46 of 3rd period - Aleksi Heponiemi is hit by Lucas Wallmarkk.
18:57 of 3rd period - William Lagesson is hit by Rem Pitlick and loses puck.
19:22 of 3rd period - Slapshot by William Lagesson.
19:22 of 3rd period - Shot Blocked by Oliver Wahlstrom.
19:37 of 3rd period - Off-side.
19:38 of 3rd period - Axel Holmstrom wins face-off versus Laurent Dauphin in neutral zone.
19:52 of 3rd period - Snap shot by William Lockwood.
19:52 of 3rd period - Shot Misses the Net.
19:54 of 3rd period - Slapshot by Trevor Moore.
19:54 of 3rd period - Shot Blocked by Rinat Valiev.
Goals for this period are 1 for Roadrunners vs 1 for Canucks.
Shots for this period are 13 for Roadrunners vs 9 for Canucks.